 Dungeon Crawl Stone Soup version 0.23.2-33-g5129a83184 (webtiles) character file.

Game seed: 9872743126243453800

5616 Folque the Scholar (level 10, -15/67 HPs)
             Began as a Demonspawn Ice Elementalist on June 29, 2019.
             Was an Elder of Sif Muna.
             Demolished by a two-headed ogre
             ... wielding a +0 giant club
              (28 damage)
             ... on level 10 of the Dungeon.
             The game lasted 00:48:07 (11271 turns).

Folque the Scholar (Demonspawn Ice Elementalist)   Turns: 11271, Time: 00:48:08

Health: -15/67     AC:  5    Str: 15    XL:     10   Next: 45%
Magic:  1/19       EV: 15    Int: 21    God:    Sif Muna [****..]
Gold:   656        SH:  0    Dex: 14    Spells: 4/21 levels left

rFire    . . .     SeeInvis .   q - +6 glaive of the Mosquito {vamp, *Slow Str+6 Int+2}
rCold    . . .     Gourm    .   (shield currently unavailable)
rNeg     . . .     Faith    .   a - +0 robe
rPois    .         Spirit   .   o - +0 helmet
rElec    .         Reflect  .   u - +0 cloak
rCorr    .         Harm     .   L - +0 pair of gloves
MR       .....                  (no boots)
Stlth    ++........             (no amulet)
HPRegen  0.21/turn              (no ring)
MPRegen  0.16/turn              (no ring)

@: lethally poisoned (-15 -> -16), very slightly contaminated, divine energy
A: claws 2, talons 2, demonic guardian 1
a: Stop Divine Energy, Channel Magic, Forget Spell, Renounce Religion


You were on level 10 of the Dungeon.
You worshipped Sif Muna.
Sif Muna was greatly pleased with you.
You were not hungry.

You visited 2 branches of the dungeon, and saw 12 of its levels.
You also visited: Bailey.

You collected 656 gold pieces.

Inventory:

Hand Weapons
 i - a +0 falchion
 l - a +0 long sword
 q - the +6 glaive of the Mosquito (weapon) {vamp, *Slow Str+6 Int+2}
   (You found it on level 8 of the Dungeon)

   It inflicts no extra harm, but heals its wielder when it wounds a living foe.
   It affects your strength (+6).
   It affects your intelligence (+2).
   It may slow you when you take damage.
 w - a +1 spear of flaming
Missiles
 s - 5 javelins (quivered)
Armour
 a - a +0 robe (worn)
 g - a +0 buckler
 o - a +0 helmet (worn)
 u - a +0 cloak (worn)
 B - the +2 pair of gloves "Ohosadi" {rPois rF+ rN+ Int+4, unknown}
   (You found it in a bailey)

   It affects your intelligence (+4).
   It protects you from fire.
   It protects you from poison.
   It protects you from negative energy.
 F - a +0 crystal plate armour
 L - a +0 pair of gloves (worn)
Magical Staves
 z - an uncursed staff of earth
Jewellery
 f - an uncursed ring of see invisible {unknown}
 k - an uncursed ring of ice {unknown}
 x - a cursed -2 ring of strength {unknown}
 y - the amulet "Roumi" {+Rage rElec, unknown}
   (You found it on level 8 of the Dungeon)

   [amulet of rage]

   It insulates you from electricity.
   It lets you go berserk.
Wands
 m - a wand of paralysis (6)
 E - a wand of digging (4)
 K - a wand of enslavement (7)
Scrolls
 b - a scroll of fog {unknown}
 d - 4 scrolls of teleportation
 e - 2 scrolls of remove curse
 t - 3 scrolls of fear
 C - a scroll of blinking {unknown}
 J - a scroll of random uselessness {unknown}
Potions
 h - 2 potions of heal wounds
 j - 2 potions of magic
 n - a potion of flight {unknown}
 p - a potion of agility {unknown}
 r - a potion of degeneration {unknown}
 v - a potion of invisibility {unknown}
 A - a potion of berserk rage
 D - a potion of lignification {unknown}
 G - a potion of might {unknown}
 H - a potion of brilliance {unknown}
Comestibles
 c - 7 rations


   Skills:
 - Level 2.0 Fighting
 - Level 5.0 Dodging
 - Level 1.7 Stealth
 * Level 6.2 Spellcasting
 + Level 7.1 Conjurations
 - Level 5.0 Summonings
 + Level 7.4 Ice Magic
 + Level 8.1 Invocations


You had 4 spell levels left.
You knew the following spells:

 Your Spells              Type           Power        Failure   Level  Hunger
a - Freeze                Ice            ####         1%          1    None
b - Throw Frost           Conj/Ice       #####.       1%          2    None
c - Summon Ice Beast      Ice/Summ       ####....     8%          4    ###....
d - Ozocubu's Armour      Chrm/Ice       ###.....     6%          3    #......
e - Throw Icicle          Conj/Ice       #####...     4%          4    ###....
f - Static Discharge      Conj/Air       ###.....     7%          3    #......

Your spell library contained the following spells:

 Spells                   Type           Power        Failure   Level  Hunger
 Lightning Bolt           Conj/Air       ###.......   52%         5    #####..
 Poison Arrow             Conj/Pois      ###.......   98%         6    ######.
 Chain Lightning          Conj/Air       ###.......   100%        8    #######
 Ignition                 Fire           #.........   100%        8    #######
 Lehudib's Crystal Spear  Conj/Erth      ###.......   100%        8    #######
 Fire Storm               Conj/Fire      ###.......   100%        9    #######
 Glaciate                 Conj/Ice       #####.....   100%        9    #######
 Shatter                  Erth           #.........   100%        9    #######
 Tornado                  Air            #.........   100%        9    #######


Dungeon Overview and Level Annotations

Branches:
Dungeon (11/15)            Temple (1/1) D:4
   Lair: D:8-11         Orc: D:9-12

Altars:
Ashenzari
Cheibriados
Dithmenos
Elyvilon
Fedhas
Gozag
Hepliaklqana
Kikubaaqudgha
Makhleb
Nemelex Xobeh
Okawaru
Qazlal
Ru
Sif Muna
Trog
Uskayaw
Vehumet
Xom
Yredelemnul
Zin
The Shining One
Beogh

Annotations:
D:9 Erica


Innate Abilities, Weirdness & Mutations

You have very sharp fingernails.
You have razor-sharp toenails.
A weak demonic guardian rushes to your aid.


Message History

An orc comes into view. It is wielding a +0 hand axe.
Your ice beast hits the killer bee.
Your ice beast freezes the killer bee.
The yak barely misses you.
Unknown command.
The orc shouts!
You slash the two-headed ogre!
You feel better.
Your kick misses the two-headed ogre.
The two-headed ogre is severely wounded.
You feel sick. The killer bee misses you. The killer bee stings your ice beast.
The killer bee closely misses you. The killer bee stings your ice beast.
The two-headed ogre hits you with a +0 giant club!
The two-headed ogre barely misses you. The jackal barely misses you.
The yak gores you! The killer bee stings your ice beast.
Your ice beast dies!
The killer bee barely misses you. The yak gores you!
* * * LOW HITPOINT WARNING * * *
The jackal misses you. The yak barely misses you.
The killer bee stings you but does no damage.
The two-headed ogre hits you with a +0 giant club!!
You die...

######## # #......# .#
#......# ..#
#....YO#...# ###
#....y@h...#
####.######..yoYh#...###
...$......+...Y..#......
..........#..O...#......
..........##'#####....##
....Y......Yh.........#
...h......o.....>.....#
...hO5.............####
#####..............#


You could see a two-headed ogre, 4 yaks, an ogre, a howler monkey, 2 killer
bees, 2 orcs and 2 jackals.

Vanquished Creatures
  Harold (D:8)
  A two-headed ogre (D:7)
  An orc knight (Bailey)
  A hippogriff (D:5)
  4 yaks
  A water moccasin (D:5)
  4 orc warriors
  A black bear (D:9)
  2 centaurs
  2 bullfrogs (D:7)
  A scorpion (D:5)
  7 killer bees
  2 howler monkeys (D:8)
  2 crimson imps
  A bullfrog zombie (D:6)
  Crazy Yiuf (D:3)
  3 centaur skeletons
  2 bullfrog skeletons
  4 hounds
  A quasit (D:5)
  An orc priest (D:8)
  An iguana (D:4)
  Terence (D:3)
  3 worker ants
  5 gnolls
  11 adders
  An adder skeleton (D:4)
  2 worms
  2 dart slugs
  5 leopard geckos
  17 orcs
  8 giant cockroaches
  5 goblins
  3 hobgoblins
  7 jackals
  2 quokkas
  A ball python (D:2)
  6 bats
  4 frilled lizards
  5 kobolds
  A quokka skeleton (D:6)
  A quokka zombie (D:5)
  7 rats
141 creatures vanquished.

Vanquished Creatures (collateral kills)
  An orc knight (Bailey)
  Psyche (D:7)
  A troll (D:9)
  A wyvern (D:6)
  A hungry ghost (D:8)
  Menkaure (D:6)
  Duvessa (D:6)
  An orc warrior (D:8)
  An ogre (D:4)
  2 centaurs
  A big kobold (D:8)
  Dowan (D:6)
  7 killer bees
  A gnoll shaman (D:6)
  A centaur skeleton (D:9)
  Natasha (thrice) (D:3)
  A worker ant zombie (D:5)
  11 gnolls
  3 adders
  An adder skeleton (D:8)
  10 orcs
  A ball python (D:3)
  3 goblins
  A hobgoblin (D:3)
  A jackal (D:10)
  4 kobolds
61 creatures vanquished.

Vanquished Creatures (others)
  An adder (D:2)
  A worm (D:2)
  A jackal (D:10)
3 creatures vanquished.

Grand Total: 205 creatures vanquished

Notes
Turn   | Place    | Note
-------+----------+-------------------------------------------
     0 | D:1      | Folque the Demonspawn Ice Elementalist began the quest for
                  | the Orb.
     0 | D:1      | Reached XP level 1. HP: 13/13 MP: 3/3
   352 | D:1      | Gained mutation: A weak demonic guardian rushes to your
                  | aid. [demonic ancestry]
   352 | D:1      | Reached XP level 2. HP: 7/20 MP: 1/5
   985 | D:1      | Found an iron altar of Okawaru.
  1260 | D:2      | Reached skill level 1 in Fighting
  1310 | D:2      | Learned a level 2 spell: Throw Frost
  1504 | D:2      | Reached XP level 3. HP: 26/26 MP: 4/7
  2174 | D:3      | Noticed Terence
  2324 | D:3      | Killed Terence
  2324 | D:3      | Gained mutation: You have sharp toenails. [demonic
                  | ancestry]
  2324 | D:3      | Reached XP level 4. HP: 22/32 MP: 0/8
  2451 | D:3      | Found a runed translucent door.
  2458 | D:3      | Noticed Natasha
  2467 | D:3      | Killed Natasha
  2469 | D:3      | Noticed Natasha
  2475 | D:3      | Killed Natasha
  2534 | D:3      | Found an opulent altar of Gozag.
  2534 | D:3      | Found a shadowy altar of Dithmenos.
  2539 | D:3      | Found an ancient bone altar of Kikubaaqudgha.
  2543 | D:3      | Found a shimmering altar of Xom.
  2544 | D:3      | Found a glowing silver altar of Zin.
  2585 | D:3      | Noticed Crazy Yiuf
  2711 | D:3      | Noticed a fire elemental
  2713 | D:3      | Found a stormy altar of Qazlal.
  2714 | D:3      | Noticed an earth elemental
  2714 | D:3      | Noticed an air elemental
  2714 | D:3      | Noticed a water elemental
  2849 | D:3      | Noticed Natasha
  2853 | D:3      | Gained mutation: You have sharp fingernails. [demonic
                  | ancestry]
  2853 | D:3      | Reached XP level 5. HP: 38/38 MP: 6/10
  2856 | D:3      | Killed Natasha
  2860 | D:3      | Found a sacrificial altar of Ru.
  3109 | D:3      | Killed Crazy Yiuf
  3215 | D:4      | Learned a level 4 spell: Summon Ice Beast
  3219 | D:4      | Learned a level 3 spell: Ozocubu's Armour
  3449 | D:4      | Reached skill level 1 in Summonings
  3480 | D:4      | Reached XP level 6. HP: 39/44 MP: 3/12
  3488 | D:4      | Found a staircase to the Ecumenical Temple.
  3509 | Temple   | Entered the Ecumenical Temple
  3744 | Temple   | Became a worshipper of Sif Muna the Loreminder
  4306 | D:5      | Entered Level 5 of the Dungeon
  4537 | D:5      | Gained mutation: You have very sharp fingernails. [demonic
                  | ancestry]
  4537 | D:5      | Reached XP level 7. HP: 42/50 MP: 3/13
  4711 | D:5      | Reached * piety under Sif Muna
  4715 | D:5      | Noticed a hippogriff
  4747 | D:5      | Killed a hippogriff
  4753 | D:5      | Learned a level 4 spell: Throw Icicle
  5067 | D:6      | Noticed Duvessa
  5067 | D:6      | Noticed Dowan
  5088 | D:6      | Killed Duvessa
  5092 | D:6      | Killed Dowan
  5092 | D:6      | Reached XP level 8. HP: 37/56 MP: 1/14
  5310 | D:6      | Reached skill level 5 in Summonings
  5310 | D:6      | Reached skill level 5 in Ice Magic
  5767 | D:6      | Noticed Menkaure
  5776 | D:6      | Killed Menkaure
  6402 | D:7      | Noticed a two-headed ogre
  6420 | D:7      | Killed a two-headed ogre
  6420 | D:7      | Reached ** piety under Sif Muna
  6462 | D:7      | Reached skill level 1 in Invocations
  6516 | D:7      | Reached skill level 5 in Conjurations
  7259 | D:8      | Reached skill level 5 in Dodging
  7259 | D:8      | Reached skill level 2 in Invocations
  7259 | D:8      | Reached XP level 9. HP: 54/61 MP: 2/15
  7435 | D:8      | Reached skill level 3 in Invocations
  7549 | D:8      | Found a flagged portal.
  7666 | Bailey   | Entered a bailey
  7889 | Bailey   | Noticed an orc knight
  8047 | Bailey   | Reached skill level 4 in Invocations
  8216 | Bailey   | Killed an orc knight
  8216 | Bailey   | Reached skill level 5 in Invocations
  8342 | Bailey   | Got a pair of translucent gloves
  8358 | Bailey   | Noticed an orc knight
  8390 | Bailey   | Killed an orc knight
  8390 | Bailey   | Reached skill level 6 in Invocations
  9009 | D:7      | Reached *** piety under Sif Muna
  9388 | D:8      | Noticed Harold
  9407 | D:8      | Noticed Psyche
  9408 | D:8      | Killed Harold
  9408 | D:8      | Reached skill level 5 in Spellcasting
  9408 | D:8      | Reached skill level 7 in Invocations
  9408 | D:8      | Gained mutation: You have razor-sharp toenails. [demonic
                  | ancestry]
  9408 | D:8      | Reached XP level 10. HP: 51/67 MP: 1/17
  9441 | D:7      | Killed Psyche
  9555 | D:8      | Learned a level 3 spell: Static Discharge
  9741 | D:8      | Got a jewelled glaive
  9742 | D:8      | Identified the +6 glaive of the Mosquito {vamp, *Slow Str+6
                  | Int+2} (You found it on level 8 of the Dungeon)
 10060 | D:8      | Got a glittering ivory amulet
 10264 | D:8      | Found a shattered altar of Ashenzari.
 10265 | D:8      | Found an iron altar of Okawaru.
 10325 | D:8      | Found a roughly hewn altar of Beogh.
 10620 | D:9      | Reached **** piety under Sif Muna
 10638 | D:9      | Reached skill level 8 in Invocations
 10818 | D:9      | Noticed Erica
 11137 | D:9      | You fall through a shaft for 2 floors!
 11149 | D:11     | Noticed a four-headed hydra
 11184 | D:11     | Noticed a two-headed ogre
 11200 | D:10     | Entered Level 10 of the Dungeon
 11271 | D:10     | Demolished by a two-headed ogre

Skill      XL: |  1  2  3  4  5  6  7  8  9 10 |
---------------+-------------------------------+-----
Fighting       | 1 2 |  2.0
Ice Magic      | 3 4 5 6 7 |  7.4
Spellcasting   | 3 4 5 6 |  6.2
Summonings     | 1 3 4 5 |  5.0
Conjurations   | 2 3 5 6 7 |  7.1
Dodging        | 2 5 |  5.0
Invocations    | 2 7 8 |  8.1
Stealth        | |  1.7

Action                   |  1- 3 |  4- 6 |  7- 9 | 10-12 || total
-------------------------+-------+-------+-------+-------++-------
Melee: Unarmed           |    32 |       |       |       ||    32
       Falchion          |    15 |       |       |       ||    15
       Long sword        |     5 |    99 |    27 |       ||   131
       Kick              |       |    23 |    16 |    10 ||    49
       Spear             |       |       |    49 |     8 ||    57
       Glaive            |       |       |       |    61 ||    61
Throw: Javelin           |       |       |       |     1 ||     1
 Cast: Freeze            |    24 |    25 |    27 |    12 ||    88
       Throw Frost       |    10 |    37 |    61 |    21 ||   129
       Summon Ice Beast  |       |     2 |    28 |    16 ||    46
       Ozocubu's Armour  |       |       |     8 |     4 ||    12
       Throw Icicle      |       |       |    35 |    16 ||    51
       Static Discharge  |       |       |       |    10 ||    10
Invok: Divine Energy     |       |       |     1 |       ||     1
Evoke: Wand              |       |       |     2 |     3 ||     5
  Use: Potion            |     2 |       |     3 |     4 ||     9
       Scroll            |       |     7 |       |     3 ||    10
 Stab: Sleeping          |     5 |     1 |       |       ||     6
       Distracted        |       |     1 |     3 |       ||     4
  Eat: Chunk             |     5 |     9 |    16 |     9 ||    39
       Ration            |       |       |     4 |     4 ||     8
Armor: Robe              |    12 |    42 |    45 |    34 ||   133
Dodge: Dodged            |    48 |   104 |   165 |   134 ||   451
       Rpst.: Falchion   |     4 |       |       |       ||     4
       Long sword        |     1 |    28 |     5 |       ||    34
